 Dungeon Crawl Stone Soup version 0.18-a0-1628-g61c6396 (webtiles) character file.

4297 Oddball22 the Martial Artist (level 10, 0/80 HPs)
             Began as a Demonspawn Monk on Mar 25, 2016.
             Was a Follower of Ru.
             Slain by a centaur (2 damage)
             ... on level 7 of the Dungeon.
             The game lasted 00:29:20 (8425 turns).

Oddball22 the Martial Artist (Demonspawn Monk)      Turns: 8425, Time: 00:29:21

Health: 0/80       AC:  9    Str: 13    XL:     10   Next: 11%
Magic:  10/10      EV: 21    Int: 11    God:    Ru [*.....]
Gold:   373        SH:  0    Dex: 25    Spells: 0 memorised, 9 levels left

rFire  + . .     SeeInvis .     M - +3 quarterstaff (chaos)
rCold  + . .     Gourm    .     G - +1 leather armour {rN+}
rNeg   + . .     Faith    .     (shield currently unavailable)
rPois  +         Spirit   .     (helmet restricted)
rElec  .         Dismiss  .     N - +0 cloak {rPois}
rCorr  .         Reflect  .     u - +2 pair of gloves
SustAt .         Harm     .     (no boots)
MR     .....                    p - amulet of rage
Stlth  ++........               l - +3 ring of dexterity
                                w - +4 ring of dexterity

@: flying, not resistant to hostile enchantments, unstealthy
A: beak, hooves 2, repulsion field 1, blurry vision 1, cold resistance 1, fire
resistance 1, shaggy fur 1, evolution 1, rot immunity, subdued magic 1, no ice
magic, no summoning magic, no transmutations magic
a: Renounce Religion, Evoke Berserk Rage


You were on level 7 of the Dungeon.
You worshipped Ru.
Ru was aware of your devotion.
You were not hungry.

You visited 1 branch of the dungeon, and saw 7 of its levels.
You also visited: Ossuary.

You collected 373 gold pieces.

Inventory:

Hand Weapons
 C - a +0 dagger of venom
 E - a +1 flail of draining
 J - a +2 whip of flaming
 M - a +3 quarterstaff of chaos (weapon)
Missiles
 d - 4 tomahawks (quivered)
 k - 32 bolts
 x - 15 bolts of frost
 F - 4 tomahawks of returning
Armour
 t - a troll hide {Purgy}
 u - a +2 pair of gloves (worn)
 G - a +1 leather armour of positive energy (worn)
 N - a +0 cloak of poison resistance (worn)
Jewellery
 e - an uncursed amulet of guardian spirit
 g - an uncursed ring of protection from cold
 l - a +3 ring of dexterity (right hand)
 n - an uncursed ring of ice
 p - an amulet of rage (around neck)
 w - a +4 ring of dexterity (left hand)
Wands
 A - a wand of iceblast (6/15)
 O - a wand of iceblast (6/15)
Scrolls
 a - a scroll of teleportation
 f - a scroll of random uselessness {unknown}
 h - 2 scrolls of remove curse
 i - a scroll of fear {unknown}
 o - a scroll of identify
 r - 2 scrolls of immolation {unknown}
 s - a scroll of blinking {unknown}
 y - a scroll of fog {unknown}
 D - a scroll of magic mapping {unknown}
 I - a scroll of enchant armour {unknown}
Potions
 v - a potion of degeneration
 L - a potion of flight
Books
 j - a Young Poisoner's Handbook

   Spells                             Type                      Level
   a - Sting                          Conjuration/Poison           1
   b - Cure Poison                    Poison                       2
   c - Mephitic Cloud                 Conjuration/Poison/Air       3
   d - Olgreb's Toxic Radiance        Poison                       4
   e - Venom Bolt                     Conjuration/Poison           5
 H - a book of the Sky

   Spells                             Type                      Level
   a - Summon Lightning Spire         Summoning/Air                4
   b - Airstrike                      Air                          4
   c - Silence                        Hexes/Air                    5
   d - Deflect Missiles               Charms/Air                   6
   e - Conjure Ball Lightning         Conjuration/Air              6
   f - Tornado                        Air                          9
Comestibles
 b - 8 bread rations
 c - 4 meat rations
 m - 3 beef jerkies
 z - 4 fruits
 B - 6 chunks of flesh
 Q - 7 slices of pizza


   Skills:
 + Level 7.8 Fighting
 + Level 7.2 Dodging
 - Level 1.7 Stealth
 * Level 10.3 Unarmed Combat


You had 9 spell levels left.
You didn't know any spells.

Dungeon Overview and Level Annotations

Branches:
Dungeon (7/15)             Temple (0/1) D:5

Altars:
Kikubaaqudgha
Nemelex Xobeh
Okawaru
Pakellas
Ru
Sif Muna
Xom
The Shining One

Shops:
D:6 [


Innate Abilities, Weirdness & Mutations

You have hoof-like feet.
You are surrounded by a mild repulsion field (EV +2).
Your flesh is cold resistant.
You are immune to rotting.
You cannot study or cast Ice magic.
You cannot study or cast Summoning magic.
You cannot study or cast Transmutations magic.
You have a beak for a mouth.
Scrolls take you a little longer to read.
Your flesh is heat resistant.
You are covered in fur (AC +1).
You evolve.
Your spells are a little easier to cast, but a little less powerful.


Message History

The killer bee completely misses you. The killer bee misses you.
The killer bee stings you but does no damage.
The killer bee misses you.
You sock the killer bee! You drain the killer bee!
Your kick misses the killer bee.
The killer bee is almost dead.
Your surroundings suddenly seem different.
A centaur comes into view.
The centaur shouts!
The centaur reads a scroll.
Wisps of shadow swirl around the centaur.
Found a wooden wand.
Found an escape hatch in the floor.
A necrophage comes into view.
Unknown command.
The orc shouts!
The orc wizard shouts!
The centaur is stunned by your will and fails to attack.
The centaur hits you but does no damage.
The orc priest barely misses you. The orc wizard closely misses you.
The centaur misses you. The orc completely misses you. The centaur hits you.
You die...

#.#
#####.#####
#.........#
#.........#
#........>#
#.....ZY..#
#...Zcon..#
#....@.o..#
#....oo...#
#......../#
###########


You could see an ice beast, a necrophage, a centaur, an orc priest, 2 orc
wizards, an orc, an adder zombie and a wyvern zombie.

Vanquished Creatures
  Pikel (D:6)
  Joseph (D:7)
  The ghost of Oddball22 the Ruffian, a novice VSMo (D:3)
  A human (D:7)
  Menkaure (D:4)
  Duvessa (D:7)
  3 ice beasts
  3 sky beasts
  Purgy (D:4)
  A phantom (D:4)
  2 ogres
  A centaur (D:7)
  2 elf zombies (Ossuary)
  Blork the orc (D:6)
  A giant frog (D:3)
  Dowan (D:7)
  2 scorpions
  A jelly (D:6)
  A killer bee (D:7)
  5 wights (D:6)
  4 crimson imps
  3 centaur zombies
  A human zombie (Ossuary)
  2 hounds
  5 orc wizards
  Crazy Yiuf (D:6)
  4 orc priests
  An iguana (D:6)
  Ijyb (D:3)
  7 worker ants
  4 sheep (D:7)
  A hound skeleton (D:6)
  2 hound zombies
  3 mummies (Ossuary)
  4 gnolls (D:5)
  A howler monkey skeleton (D:6)
  5 adders
  A shadow imp (D:6)
  4 adder zombies
  2 adder skeletons
  3 worms
  A dart slug (D:1)
  5 giant geckos
  20 orcs
  3 ball pythons
  13 giant cockroaches
  7 goblins
  10 hobgoblins
  3 jackals (D:2)
  8 kobolds
  3 quokkas
  9 bats
  6 giant newts
  A gnoll zombie (Ossuary)
  4 goblin zombies (Ossuary)
  5 hobgoblin zombies (Ossuary)
  3 jackal zombies (Ossuary)
  7 kobold zombies (Ossuary)
  2 orc zombies (Ossuary)
  A quokka skeleton (D:6)
  2 quokka zombies (Ossuary)
  10 rats
  2 rat zombies (Ossuary)
215 creatures vanquished.

Vanquished Creatures (others)
  A draconian (D:1)
  A vine stalker (D:1)
  A gargoyle (D:1)
  2 formicids (D:1)
  A vampire (D:1)
  A spriggan (D:1)
  A slave (D:7)
  A human (D:1)
  A naga (D:1)
  A dwarf (D:1)
  3 ogres
  4 centaurs
  A killer bee (D:7)
  An orc priest (D:4)
  An orc wizard (D:4)
  A worker ant (D:4)
  An adder (D:7)
  An orc (D:1)
  A quokka zombie (Ossuary)
  8 tentacles (D:1)
  34 tentacle segments (D:1)
67 creatures vanquished.

Grand Total: 282 creatures vanquished

Notes
Turn   | Place    | Note
--------------------------------------------------------------
     0 | D:1      | Oddball22 the Demonspawn Monk began the quest for the Orb.
     0 | D:1      | Reached XP level 1. HP: 18/18 MP: 1/1
     2 | D:1      | Noticed a vine stalker
     2 | D:1      | Noticed a vampire
     2 | D:1      | Noticed a gargoyle
     2 | D:1      | Noticed a spriggan
     2 | D:1      | Noticed a dwarf
     2 | D:1      | Noticed an ogre
     2 | D:1      | Noticed a human
     2 | D:1      | Noticed a kraken
     2 | D:1      | Noticed a formicid
     2 | D:1      | Noticed a draconian
     2 | D:1      | Noticed a naga
     2 | D:1      | Noticed a centaur
     2 | D:1      | Noticed a formicid
     2 | D:1      | Noticed a centaur
     2 | D:1      | Noticed a centaur
     2 | D:1      | Killed an ogre
     4 | D:1      | Killed a gargoyle
     5 | D:1      | Killed a dwarf
     5 | D:1      | Killed a human
     7 | D:1      | Killed a vine stalker
     9 | D:1      | Killed a vampire
    10 | D:1      | Killed a spriggan
    11 | D:1      | Killed a centaur
    11 | D:1      | Killed a draconian
    12 | D:1      | Killed a formicid
    14 | D:1      | Killed a formicid
    17 | D:1      | Killed a centaur
    20 | D:1      | Killed a centaur
    26 | D:1      | Killed a naga
   178 | D:1      | Gained mutation: You have large cloven feet. [demonic ancestry]
   178 | D:1      | Reached XP level 2. HP: 22/24 MP: 2/2
   652 | D:2      | Reached skill level 4 in Unarmed Combat
   889 | D:2      | Gained mutation: You are surrounded by a mild repulsion field (EV +2). [demonic ancestry]
   889 | D:2      | Reached XP level 3. HP: 29/29 MP: 3/3
  1635 | D:2      | Found an ancient bone altar of Kikubaaqudgha.
  1639 | D:2      | Found an iron altar of Okawaru.
  1639 | D:2      | Found an oddly glowing altar of Pakellas.
  1652 | D:2      | Found a sacrificial altar of Ru.
  1661 | D:2      | Became a worshipper of Ru the Awakened
  1674 | D:2      | Found a deep blue altar of Sif Muna.
  1738 | D:2      | Gained mutation: You are immune to rotting. [demonic ancestry]
  1738 | D:2      | Reached XP level 4. HP: 17/36 MP: 1/4
  2555 | D:3      | Noticed an ice beast
  2572 | D:3      | Noticed Oddball22's ghost (novice VSMo)
  2591 | D:3      | Gained mutation: You are resistant to hostile enchantments. [potion of mutation]
  2591 | D:3      | Gained mutation: You are agile. (Dex +2) [potion of mutation]
  2599 | D:3      | Killed Oddball22's ghost
  2599 | D:3      | Reached skill level 5 in Unarmed Combat
  2599 | D:3      | Reached XP level 5. HP: 15/43 MP: 3/5
  2599 | D:3      | Reached XP level 6. HP: 17/49 MP: 3/6
  2851 | D:3      | Noticed Ijyb
  2890 | D:3      | Killed Ijyb
  2925 | D:3      | Killed an ice beast
  3014 | D:3      | Found a glowing golden altar of the Shining One.
  3493 | D:3      | Reached skill level 6 in Unarmed Combat
  3493 | D:3      | Reached XP level 7. HP: 48/55 MP: 7/7
  3563 | D:4      | Noticed Menkaure
  4010 | D:4      | Noticed Purgy
  4044 | D:4      | Killed Purgy
  4044 | D:4      | Reached skill level 5 in Fighting
  4275 | D:4      | Gained mutation: You cannot study or cast Ice magic. [Ru sacrifice]
  4275 | D:4      | Gained mutation: You cannot study or cast Transmutations magic. [Ru sacrifice]
  4275 | D:4      | Gained mutation: You cannot study or cast Summoning magic. [Ru sacrifice]
  4275 | D:4      | Reached * piety under Ru
  4340 | D:4      | Found a shimmering altar of Xom.
  4626 | D:4      | Killed Menkaure
  4940 | D:4      | Reached skill level 5 in Dodging
  5021 | D:4      | Reached skill level 7 in Unarmed Combat
  5021 | D:4      | Gained mutation: You have hoof-like feet. [demonic ancestry]
  5021 | D:4      | Reached XP level 8. HP: 43/63 MP: 5/8
  5102 | D:5      | Entered Level 5 of the Dungeon
  5185 | D:5      | Found a staircase to the Ecumenical Temple.
  5651 | D:5      | Found a sand-covered staircase.
  5661 | Ossuary  | Entered an ossuary
  6111 | Ossuary  | Reached skill level 8 in Unarmed Combat
  6470 | D:6      | Found Pitu's Armour Shoppe.
  6470 | D:6      | Noticed Blork the orc
  6477 | D:6      | Killed Blork the orc
  6842 | D:6      | Gained mutation: Your flesh is cold resistant. [demonic ancestry]
  6842 | D:6      | Reached XP level 9. HP: 60/71 MP: 9/9
  6892 | D:6      | Found a sparkling altar of Nemelex Xobeh.
  7158 | D:6      | Reached skill level 9 in Unarmed Combat
  7557 | D:6      | Noticed Crazy Yiuf
  7561 | D:6      | Killed Crazy Yiuf
  7715 | D:7      | Noticed Pikel
  7749 | D:6      | Killed Pikel
  7921 | D:7      | Reached skill level 10 in Unarmed Combat
  7990 | D:7      | Noticed Joseph
  8010 | D:7      | HP: 3/108 [Joseph/uncursed quarterstaff (13)]
  8015 | D:7      | Killed Joseph
  8015 | D:7      | Reached XP level 10. HP: 3/80 MP: 10/10
  8346 | D:7      | Noticed Duvessa
  8352 | D:7      | Noticed Dowan
  8353 | D:7      | Killed Duvessa
  8359 | D:7      | Killed Dowan
  8411 | D:7      | Lost mutation: You are resistant to hostile enchantments. [potion of cure mutation]
  8411 | D:7      | Lost mutation: You are agile. (Dex +2) [potion of cure mutation]
  8414 | D:7      | Gained mutation: Scrolls take you a little longer to read. [potion of mutation]
  8414 | D:7      | Gained mutation: Your spells are a little easier to cast, but a little less powerful. [potion of mutation]
  8414 | D:7      | Gained mutation: You have a beak for a mouth. [potion of mutation]
  8415 | D:7      | Gained mutation: You evolve. [potion of mutation]
  8415 | D:7      | Gained mutation: You are covered in fur (AC +1). [potion of mutation]
  8415 | D:7      | Gained mutation: Your flesh is heat resistant. [potion of mutation]
  8419 | D:7      | HP: 1/80 [killer bee (6)]
  8425 | D:7      | Slain by a centaur

Vault maps used:
D:1:      nicolae_arrival_kraken_aquarium_b, grunt_decor_resistance
D:2:      minmay_overflow_temple_star_hex
D:3:      minivault_4, tso_metal_star, uniq_iyjb
D:4:      xom_confusion_cloud, uniq_purgy, uniq_menkaure
D:5:      minmay_temple_entry_butterflies, first_bread,
          nicolae_ossuary_entry_monument
D:6:      serial_shops, shop, nemelex_deck, uniq_crazy_yiuf_cottage,
          uniq_blork_the_orc
D:7:      st_stairs_6, grunt_livestock, uniq_joseph, uniq_duvessa, uniq_pikel
Ossuary:  minmay_ossuary_two_tombs

Skill      XL: |  1  2  3  4  5  6  7  8  9 |
---------------+----------------------------+-----
Unarmed Combat | 4 5 6 7 8 10 | 10.3
Dodging        | 3 4 5 6 7 |  7.2
Fighting       | 4 5 6 7 |  7.8
Stealth        | |  1.7

Action                   |  1- 3 |  4- 6 |  7- 9 | 10-12 || total
-------------------------+-------+-------+-------+-------++-------
Melee: Unarmed           |   145 |    53 |       |       ||   198
       Dagger            |       |   149 |   611 |       ||   760
       Flail             |       |       |   259 |    20 ||   279
       Quarterstaff      |       |       |    12 |    10 ||    22
Invok: Reject Sacrifices |     1 |       |     1 |       ||     2
       Sacrifice Arcana  |       |       |     1 |       ||     1
 Abil: Evoke Berserk Rag |       |       |     1 |       ||     1
  Use: Potion            |       |     6 |     5 |     5 ||    16
       Scroll            |       |       |     3 |     1 ||     4
 Stab: Sleeping          |     5 |     2 |    12 |       ||    19
       Invisible         |       |     3 |       |       ||     3
       Distracted        |       |       |     3 |       ||     3
       Petrified         |       |       |     2 |       ||     2
       Petrifying        |       |       |     1 |       ||     1
  Eat: Chunk             |     2 |     6 |    16 |     2 ||    26
       Fruit             |       |       |     1 |       ||     1
       Pizza             |       |       |     1 |       ||     1
